Sewer Rats vs Senators
Created - 3 novembre 2013 at 00:48
Goals
|
| Sewer Rats |
1 |
1 |
1 |
0 |
1 |
4 |
| Senators |
1 |
1 |
1 |
0 |
0 |
3 |
|
Shots
|
| Sewer Rats |
10 |
12 |
8 |
1 |
4 |
31 |
| Senators |
10 |
10 |
13 |
4 |
4 |
37 |
|
1st period
1. Sewer Rats , Dustin Byfuglien 4 (Max Pacioretty) at 2:01
2. Senators , Gilbert Brule 6 (Niklas Hagman, B.J. Crombeen) at 15:31
Penalties :
Vladimir Mihalik (BIN) for Hooking (Minor) at 2:15
2nd period
3. Sewer Rats , Brandon Sutter 2 (Niko Dimitrakos, Ville Leino) at 2:16
4. Senators , B.J. Crombeen 5 (Gilbert Brule) at 3:46
Penalties :
B.J. Crombeen (BIN) for Goalie Interference (Minor) at 0:03, Niko Dimitrakos (Tol) for Hooking (Minor) at 5:32, Vladimir Mihalik (BIN) for Hooking (Minor) at 9:22, Brett Sterling (BIN) for Cross-checking (Minor) at 16:50, Matt Lashoff (Tol) for Hooking (Minor) at 16:50
3rd period
5. Senators , Gilbert Brule 7 (Vladimir Mihalik, B.J. Crombeen) at 2:04
6. Sewer Rats , Dustin Byfuglien 5 (John-Michael Liles, Brandon Sutter) at 9:37 (SH)
Penalties :
Brett Sterling (BIN) for Hooking (Minor) at 1:56, Mark Mancari (Tol) for Hooking (Minor) at 1:56, Kyle Quincey (Tol) for Hooking (Minor) at 8:26, Niko Dimitrakos (Tol) for Holding (Minor) at 13:18
Overtime #1
No Goal
Penalties :
No Penalty
Shootout
Penalty Shot by Brandon Sutter for Sewer Rats - Stopped by Jacob Markstrom
Penalty Shot by B.J. Crombeen for Senators - Stopped by Semyon Varlamov
Penalty Shot by Stéphane Yelle for Sewer Rats - Stopped by Jacob Markstrom
Penalty Shot by Gilbert Brule for Senators - Stopped by Semyon Varlamov
Penalty Shot by Dustin Byfuglien for Sewer Rats - Stopped by Jacob Markstrom
Penalty Shot by Niklas Hagman for Senators - Stopped by Semyon Varlamov
Penalty Shot by Niko Dimitrakos for Sewer Rats - Goal!
Penalty Shot by Nikolai Kulemin for Senators - Shot Misses the Net
Penalties :
No Penalty
Goalie Stats
Semyon Varlamov (Tol), 34 saves from 37 shots - (0,919), W, 3-0-1, 65:00 minutes
Jacob Markstrom (BIN), 28 saves from 31 shots - (0,903), OTL, 0-0-1, 65:00 minutes
Players Stats for Sewer Rats
Player Name G A P +/- PIM S H SB GA TA FO MP PP MP PK MP
------------------------------------------------------------------------------------
Brandon Sutter 1 1 2 1 0 2 0 0 0 0 11/22 21:34 0:00 2:03
Derek Dorsett 0 0 0 -1 0 3 0 0 0 0 1/1 5:45 0:00 0:00
Dustin Byfuglien 2 0 2 1 0 3 3 1 0 2 0/2 21:15 2:47 0:35
John Erskine 0 0 0 0 0 2 1 0 0 0 0/0 21:49 2:50 2:59
John-Michael Liles 0 1 1 -1 0 2 0 1 1 1 0/0 27:45 3:07 2:58
Jonathan Paiement 0 0 0 1 0 0 0 2 0 0 0/0 11:12 0:00 1:07
Kyle Okposo 0 0 0 0 0 3 2 0 1 0 0/0 18:27 3:07 1:42
Kyle Quincey 0 0 0 0 2 0 2 1 0 1 0/0 20:23 2:50 1:52
Kyle Turris 0 0 0 0 0 1 1 0 0 1 7/16 17:01 2:47 0:00
Mark Mancari 0 0 0 0 2 2 4 0 0 0 0/0 11:46 0:03 0:00
Matt Lashoff 0 0 0 -1 2 0 1 1 0 2 0/0 26:31 3:07 2:58
Max Pacioretty 0 1 1 0 0 1 1 0 0 0 0/0 19:00 3:07 1:48
Mike Funk 0 0 0 0 0 0 0 0 0 0 0/0 5:39 0:00 0:00
Niko Dimitrakos 0 1 1 1 4 0 2 1 0 0 1/1 19:45 0:03 1:24
Patrick Bordeleau 0 0 0 -1 0 1 0 0 0 0 0/0 5:45 0:00 0:00
Stéphane Yelle 0 0 0 -2 0 7 2 0 1 0 5/18 23:17 3:07 3:16
Steven Kampfer 0 0 0 0 0 0 0 0 0 0 0/0 5:39 0:00 0:00
Ville Leino 0 1 1 1 0 2 2 0 0 0 0/1 13:17 0:03 1:06
Vojtech Polak 0 0 0 0 0 0 0 0 0 0 0/0 2:47 2:47 0:00
Zach Bogosian 0 0 0 1 0 2 0 0 0 1 0/0 11:23 0:00 0:00
Players Stats for Senators
Player Name G A P +/- PIM S H SB GA TA FO MP PP MP PK MP
------------------------------------------------------------------------------------
B.J. Crombeen 1 2 3 2 2 4 0 1 1 0 9/11 23:55 3:08 1:50
Brett Sterling 0 0 0 -1 4 2 3 0 0 0 1/2 13:47 0:12 2:02
Cody Hodgson 0 0 0 -1 0 0 0 0 0 0 3/4 10:15 0:00 0:27
Erik Karlsson 0 0 0 1 0 2 0 0 0 1 0/0 13:12 0:00 0:00
Gilbert Brule 2 1 3 3 0 5 3 0 2 0 13/25 24:52 3:08 3:00
Jack Skille 0 0 0 0 0 5 2 1 1 0 0/1 12:33 0:12 0:00
Josh Hennessy 0 0 0 -2 0 0 2 0 0 1 3/8 14:54 2:37 1:09
Logan Stephenson 0 0 0 -3 0 2 2 0 0 0 0/0 22:49 2:37 2:24
Mark Olver 0 0 0 0 0 2 0 0 0 0 2/4 7:19 0:00 0:00
Matt Martin 0 0 0 0 0 0 3 0 0 0 0/0 7:19 0:00 0:00
Milan Jurcina 0 0 0 -3 0 0 0 1 0 0 0/0 22:39 2:37 2:25
Niklas Hagman 0 1 1 2 0 1 2 1 0 0 4/5 22:15 3:08 2:18
Nikolai Kulemin 0 0 0 -2 0 4 2 0 0 0 1/1 18:54 2:37 1:08
Ryan Parent 0 0 0 2 0 2 3 0 2 0 0/0 28:58 3:20 3:45
Shane Sims 0 0 0 1 0 0 0 1 0 0 0/0 14:53 0:00 2:02
Stanislav Chistov 0 0 0 -2 0 3 1 0 0 0 0/0 13:45 2:37 0:00
Steven Goertzen 0 0 0 0 0 5 0 0 2 0 0/0 9:58 0:12 0:00
Vladimir Mihalik 0 1 1 2 4 0 4 2 0 1 0/0 27:43 3:20 1:18
3 Stars
1 - Gilbert Brule (BIN)
2 - Dustin Byfuglien (Tol)
3 - B.J. Crombeen (BIN)
Power Play
Sewer Rats - 0 on 3 Attempt(s) - 0,00%
Senators - 0 on 3 Attempt(s) - 0,00%
Penalty Kill
Sewer Rats - 3 on 3 Attempt(s) - 100,00%
- Score 1 goal in Penalty Kill
Senators - 3 on 3 Attempt(s) - 100,00%
- Score 0 goal in Penalty Kill
Official
Referees : Rehman Kyle and Marouelli Dan
Linesman : Lonnie Cameron and Shane Heyer
Game Notes
No Game Note
Finance
Level 1 -- Attendance: 1570 (78,50%) -- Ticket Income 54 950 $
Level 2 -- Attendance: 773 (77,30%) -- Ticket Income 11 595 $
Total Attendance: 2343 (78,10%)
Total Ticket Income: 66 545 $
Other Income: 3 327 $
Total Income: 69 872 $
Sewer Rats
5 vs 5 Forward
Center Left Wing Right Wing Time % Phy DF OF
1 Kyle Turris Max Pacioretty Dustin Byfuglien 35 1 2 2
2 Brandon Sutter Niko Dimitrakos Kyle Okposo 35 1 2 2
3 Stéphane Yelle Ville Leino Mark Mancari 20 1 2 2
4 Stéphane Yelle Patrick Bordeleau Derek Dorsett 10 2 2 1
5 vs 5 Defense
Defense Defense Time % Phy DF OF
1 John-Michael Liles Matt Lashoff 40 1 2 2
2 John Erskine Kyle Quincey 30 1 2 2
3 Zach Bogosian Jonathan Paiement 20 1 2 2
4 Mike Funk Steven Kampfer 10 1 2 2
PowerPlay Forward
Center Left Wing Right Wing Time % Phy DF OF
1 Stéphane Yelle Max Pacioretty Kyle Okposo 60 1 2 2
2 Kyle Turris Vojtech Polak Dustin Byfuglien 40 1 2 2
PowerPlay Defense
Defense Defense Time % Phy DF OF
1 John-Michael Liles Matt Lashoff 60 1 2 2
2 John Erskine Kyle Quincey 40 1 2 2
Penalty Kill 4 Players Forward
Center Wing Time % Phy DF OF
1 Stéphane Yelle Niko Dimitrakos 60 1 2 2
2 Brandon Sutter Dustin Byfuglien 40 1 2 2
Penalty Kill 4 Players Defense
Defense Defense Time % Phy DF OF
1 John-Michael Liles Matt Lashoff 60 1 2 2
2 John Erskine Kyle Quincey 40 1 2 2
Penalty Kill - 3 Players Forward
Forward Time % Phy DF OF
1 Stéphane Yelle 60 1 2 2
2 Dustin Byfuglien 40 1 2 2
Penalty Kill - 3 Players Defense
Defense Defense Time % Phy DF OF
1 John-Michael Liles Matt Lashoff 60 1 2 2
2 John Erskine Kyle Quincey 40 1 2 2
4 vs 4 Forward
Center Wing Time % Phy DF OF
1 Brandon Sutter Stéphane Yelle 60 1 2 2
2 Dustin Byfuglien Niko Dimitrakos 40 1 2 2
4 vs 4 Defense
Defense Defense Time % Phy DF OF
1 John-Michael Liles Matt Lashoff 60 1 2 2
2 John Erskine Kyle Quincey 40 1 2 2
Last Minutes Offensive
Center Left Wing Right Wing Defense Defense
Stéphane Yelle Max Pacioretty Dustin Byfuglien John-Michael Liles Matt Lashoff
Last Minutes Defensive
Center Left Wing Right Wing Defense Defense
Stéphane Yelle Max Pacioretty Dustin Byfuglien John-Michael Liles Matt Lashoff
Goaltenders
Starting : Semyon Varlamov
Backup : Jhonas Enroth
Extra Forwards
Normal : Ville Leino, Mark Mancari, Kyle Okposo - PP : Ville Leino, Mark Mancari - PK : Kyle Okposo
Extra Defensemen
Normal : Zach Bogosian, Jonathan Paiement, Mike Funk - PP : Zach Bogosian - PK : Jonathan Paiement, Mike Funk
Penalty Shots
Brandon Sutter, Stéphane Yelle, Dustin Byfuglien, Niko Dimitrakos, Max Pacioretty
Senators
5 vs 5 Forward
Center Left Wing Right Wing Time % Phy DF OF
1 Gilbert Brule Niklas Hagman B.J. Crombeen 40 1 2 2
2 Josh Hennessy Nikolai Kulemin Stanislav Chistov 30 1 2 2
3 Cody Hodgson Brett Sterling Jack Skille 20 1 2 2
4 Mark Olver Matt Martin Steven Goertzen 10 1 2 2
5 vs 5 Defense
Defense Defense Time % Phy DF OF
1 Ryan Parent Vladimir Mihalik 40 1 2 2
2 Milan Jurcina Logan Stephenson 30 1 2 2
3 Erik Karlsson Shane Sims 20 1 2 2
4 Ryan Parent Vladimir Mihalik 10 1 2 2
PowerPlay Forward
Center Left Wing Right Wing Time % Phy DF OF
1 Gilbert Brule Niklas Hagman B.J. Crombeen 60 1 2 2
2 Josh Hennessy Nikolai Kulemin Stanislav Chistov 40 1 2 2
PowerPlay Defense
Defense Defense Time % Phy DF OF
1 Ryan Parent Vladimir Mihalik 60 1 2 2
2 Milan Jurcina Logan Stephenson 40 1 2 2
Penalty Kill 4 Players Forward
Center Wing Time % Phy DF OF
1 B.J. Crombeen Gilbert Brule 60 1 2 2
2 Niklas Hagman Nikolai Kulemin 40 1 2 2
Penalty Kill 4 Players Defense
Defense Defense Time % Phy DF OF
1 Ryan Parent Vladimir Mihalik 60 1 2 2
2 Milan Jurcina Logan Stephenson 40 1 2 2
Penalty Kill - 3 Players Forward
Forward Time % Phy DF OF
1 B.J. Crombeen 60 1 2 2
2 Gilbert Brule 40 1 2 2
Penalty Kill - 3 Players Defense
Defense Defense Time % Phy DF OF
1 Ryan Parent Vladimir Mihalik 60 1 2 2
2 Milan Jurcina Logan Stephenson 40 1 2 2
4 vs 4 Forward
Center Wing Time % Phy DF OF
1 B.J. Crombeen Gilbert Brule 60 1 2 2
2 Niklas Hagman Nikolai Kulemin 40 1 2 2
4 vs 4 Defense
Defense Defense Time % Phy DF OF
1 Ryan Parent Vladimir Mihalik 60 1 2 2
2 Milan Jurcina Logan Stephenson 40 1 2 2
Last Minutes Offensive
Center Left Wing Right Wing Defense Defense
Gilbert Brule Niklas Hagman B.J. Crombeen Ryan Parent Vladimir Mihalik
Last Minutes Defensive
Center Left Wing Right Wing Defense Defense
Gilbert Brule Niklas Hagman B.J. Crombeen Ryan Parent Vladimir Mihalik
Goaltenders
Starting : Jacob Markstrom
Backup : Alexander Salak
Extra Forwards
Normal : Jack Skille, Steven Goertzen, Brett Sterling - PP : Jack Skille, Steven Goertzen - PK : Brett Sterling
Extra Defensemen
Normal : Erik Karlsson, Shane Sims, Milan Jurcina - PP : Erik Karlsson - PK : Shane Sims, Milan Jurcina
Penalty Shots
B.J. Crombeen, Gilbert Brule, Niklas Hagman, Nikolai Kulemin, Stanislav Chistov
% Time on Ice - Sewer Rats
Lines # - Real PCT - Wanted PCT - Time Play
Normal Forward
1 - 32% - 35% - 14:17
2 - 36% - 35% - 15:53
3 - 19% - 20% - 8:13
4 - 13% - 10% - 5:45
Normal Defense
1 - 38% - 40% - 16:38
2 - 28% - 30% - 12:30
3 - 21% - 20% - 9:21
4 - 13% - 10% - 5:39
PP Forward
1 - 53% - 60% - 3:10
2 - 47% - 40% - 2:47
PP Defense
1 - 52% - 60% - 3:07
2 - 48% - 40% - 2:50
PK Forward
1 - 90% - 60% - 5:22
2 - 10% - 40% - 0:35
PK Defense
1 - 50% - 60% - 2:58
2 - 50% - 40% - 2:59
PK3 Forward
1 - 0% - 60%
2 - 0% - 40%
PK3 Defense
1 - 0% - 60%
2 - 0% - 40%
44 Forward
1 - 71% - 60% - 6:24
2 - 29% - 40% - 2:34
44 Defense
1 - 61% - 60% - 5:28
2 - 39% - 40% - 3:30
Last Minute Offensive - 0:00
Last Minute Defensive - 0:00
Total
Forward - 65:00
Defense - 65:00
|
% Time on Ice - Senators
Lines # - Real PCT - Wanted PCT - Time Play
Normal Forward
1 - 30% - 40% - 13:21
2 - 32% - 30% - 14:17
3 - 21% - 20% - 9:11
4 - 17% - 10% - 7:19
Normal Defense
1 - 37% - 40% - 16:30
2 - 35% - 30% - 15:20
3 - 25% - 20% - 10:56
4 - 3% - 10% - 1:22
PP Forward
1 - 56% - 60% - 3:20
2 - 44% - 40% - 2:37
PP Defense
1 - 56% - 60% - 3:20
2 - 44% - 40% - 2:37
PK Forward
1 - 81% - 60% - 4:49
2 - 19% - 40% - 1:08
PK Defense
1 - 67% - 60% - 3:59
2 - 33% - 40% - 1:58
PK3 Forward
1 - 0% - 60%
2 - 0% - 40%
PK3 Defense
1 - 0% - 60%
2 - 0% - 40%
44 Forward
1 - 71% - 60% - 6:22
2 - 29% - 40% - 2:36
44 Defense
1 - 62% - 60% - 5:34
2 - 38% - 40% - 3:24
Last Minute Offensive - 0:00
Last Minute Defensive - 0:00
Total
Forward - 65:00
Defense - 65:00
|
Play by Play
1st period
0:01 of 1st period - Gilbert Brule wins face-off versus Kyle Turris in neutral zone.
0:16 of 1st period - Wrist shot by Max Pacioretty.
0:16 of 1st period - Stopped by Jacob Markstrom without a rebound.
0:17 of 1st period - Brandon Sutter wins face-off versus Josh Hennessy in Senators zone.
0:22 of 1st period - Backhand shot by Kyle Okposo.
0:22 of 1st period - Stopped by Jacob Markstrom without a rebound.
0:23 of 1st period - Brandon Sutter wins face-off versus Josh Hennessy in Senators zone.
0:29 of 1st period - Slapshot by John Erskine.
0:29 of 1st period - Stopped by Jacob Markstrom without a rebound.
0:30 of 1st period - Cody Hodgson wins face-off versus Stéphane Yelle in Senators zone.
0:32 of 1st period - Icing by Jack Skille.
0:33 of 1st period - Cody Hodgson wins face-off versus Stéphane Yelle in Senators zone.
1:08 of 1st period - Slapshot by Erik Karlsson.
1:08 of 1st period - Shot Misses the Net.
1:35 of 1st period - Icing by Max Pacioretty.
1:36 of 1st period - Nikolai Kulemin wins face-off versus Kyle Turris in Sewer Rats zone.
1:57 of 1st period - Wrist shot by Max Pacioretty.
1:57 of 1st period - Shot Blocked by Milan Jurcina.
1:59 of 1st period - Snap shot by Dustin Byfuglien.
1:59 of 1st period - Stopped by Jacob Markstrom with a rebound.
2:01 of 1st period - Wrist shot by Dustin Byfuglien.
2:01 of 1st period - Goal by Dustin Byfuglien - Sewer Rats : 1 - Senators : 0.
2:02 of 1st period - Gilbert Brule wins face-off versus Stéphane Yelle in neutral zone.
2:05 of 1st period - Matt Lashoff is hit by Niklas Hagman and loses puck.
2:15 of 1st period - Minor Penalty to Vladimir Mihalik for Hooking.
2:16 of 1st period - B.J. Crombeen wins face-off versus Stéphane Yelle in Senators zone.
3:42 of 1st period - Vojtech Polak is hit by Brett Sterling and loses puck.
3:55 of 1st period - Brett Sterling is hit by Stéphane Yelle and loses puck.
4:15 of 1st period - Penalty to Vladimir Mihalik is over, Vladimir Mihalik is back on ice.
4:26 of 1st period - Snap shot by Ville Leino.
4:26 of 1st period - Shot Misses the Net.
4:46 of 1st period - Snap shot by Derek Dorsett.
4:46 of 1st period - Stopped by Jacob Markstrom with a rebound.
4:48 of 1st period - Slapshot by Zach Bogosian.
4:48 of 1st period - Stopped by Jacob Markstrom with a rebound.
5:16 of 1st period - Kyle Turris is hit by Ryan Parent and loses puck.
6:14 of 1st period - Milan Jurcina is hit by Mark Mancari and loses puck.
6:31 of 1st period - Wrist shot by Niklas Hagman.
6:31 of 1st period - Shot Misses the Net.
6:33 of 1st period - Snap shot by B.J. Crombeen.
6:33 of 1st period - Stopped by Semyon Varlamov with a rebound.
7:57 of 1st period - Wrist shot by Mark Olver.
7:57 of 1st period - Stopped by Semyon Varlamov with a rebound.
8:25 of 1st period - Stéphane Yelle is hit by Matt Martin and loses puck.
9:35 of 1st period - Kyle Okposo is hit by Matt Martin and loses puck.
10:16 of 1st period - Logan Stephenson is hit by Mark Mancari and loses puck.
11:22 of 1st period - Max Pacioretty is hit by Stanislav Chistov and loses puck.
11:45 of 1st period - Backhand shot by Brett Sterling.
11:45 of 1st period - Shot Blocked by Jonathan Paiement.
12:06 of 1st period - Off-side.
12:07 of 1st period - Mark Olver wins face-off versus Ville Leino in neutral zone.
12:29 of 1st period - Snap shot by Gilbert Brule.
12:29 of 1st period - Shot Misses the Net.
12:50 of 1st period - Brett Sterling is hit by Dustin Byfuglien and loses puck.
13:12 of 1st period - Off-side.
13:13 of 1st period - Gilbert Brule wins face-off versus Brandon Sutter in neutral zone.
13:59 of 1st period - Ryan Parent is hit by Dustin Byfuglien.
14:19 of 1st period - Wrist shot by Steven Goertzen.
14:19 of 1st period - Stopped by Semyon Varlamov without a rebound.
14:20 of 1st period - Brandon Sutter wins face-off versus Mark Olver in Sewer Rats zone.
14:25 of 1st period - Matt Martin is hit by Niko Dimitrakos and loses puck.
14:46 of 1st period - Brandon Sutter is hit by Nikolai Kulemin and loses puck.
15:07 of 1st period - Icing by Max Pacioretty.
15:08 of 1st period - B.J. Crombeen wins face-off versus Kyle Turris in Sewer Rats zone.
15:15 of 1st period - Snap shot by Niklas Hagman.
15:15 of 1st period - Stopped by Semyon Varlamov with a rebound.
15:19 of 1st period - Slapshot by Gilbert Brule.
15:19 of 1st period - Deflect By Niklas Hagman.
15:19 of 1st period - Shot Misses the Net.
15:19 of 1st period - Puck is out of play.
15:20 of 1st period - Gilbert Brule wins face-off versus Kyle Turris in Sewer Rats zone.
15:31 of 1st period - Wrist shot by Gilbert Brule.
15:31 of 1st period - Goal by Gilbert Brule - Sewer Rats : 1 - Senators : 1.
15:32 of 1st period - Kyle Turris wins face-off versus Gilbert Brule in neutral zone.
15:58 of 1st period - Max Pacioretty is hit by Jack Skille and loses puck.
16:03 of 1st period - Snap shot by Brett Sterling.
16:03 of 1st period - Stopped by Semyon Varlamov with a rebound.
16:09 of 1st period - Snap shot by Max Pacioretty.
16:09 of 1st period - Shot Misses the Net.
16:11 of 1st period - Wrist shot by Kyle Turris.
16:11 of 1st period - Stopped by Jacob Markstrom without a rebound.
16:12 of 1st period - Niko Dimitrakos wins face-off versus Gilbert Brule in Senators zone.
16:13 of 1st period - Slapshot by Kyle Okposo.
16:13 of 1st period - Stopped by Jacob Markstrom with a rebound.
16:19 of 1st period - Kyle Okposo is hit by Gilbert Brule and loses puck.
16:24 of 1st period - Wrist shot by Gilbert Brule.
16:24 of 1st period - Shot Blocked by Kyle Quincey.
16:26 of 1st period - Slapshot by Niklas Hagman.
16:26 of 1st period - Shot Misses the Net.
17:04 of 1st period - Slapshot by Derek Dorsett.
17:04 of 1st period - Stopped by Jacob Markstrom without a rebound.
17:05 of 1st period - Stéphane Yelle wins face-off versus Gilbert Brule in Senators zone.
17:14 of 1st period - Slapshot by Derek Dorsett.
17:14 of 1st period - Shot Misses the Net.
18:30 of 1st period - Snap shot by Steven Goertzen.
18:30 of 1st period - Stopped by Semyon Varlamov with a rebound.
18:32 of 1st period - Snap shot by Matt Martin.
18:32 of 1st period - Deflect By Mark Olver.
18:32 of 1st period - Stopped by Semyon Varlamov with a rebound.
18:34 of 1st period - Snap shot by Steven Goertzen.
18:34 of 1st period - Stopped by Semyon Varlamov with a rebound.
18:46 of 1st period - Backhand shot by Stanislav Chistov.
18:46 of 1st period - Stopped by Semyon Varlamov with a rebound.
19:41 of 1st period - Dustin Byfuglien is hit by Niklas Hagman and loses puck.
2nd period
0:01 of 2nd period - Kyle Turris wins face-off versus Gilbert Brule in neutral zone.
0:03 of 2nd period - Minor Penalty to B.J. Crombeen for Goalie Interference.
0:04 of 2nd period - Brett Sterling wins face-off versus Stéphane Yelle in Senators zone.
0:13 of 2nd period - Max Pacioretty is hit by Gilbert Brule and loses puck.
0:20 of 2nd period - Slapshot by Stéphane Yelle.
0:20 of 2nd period - Shot Blocked by Vladimir Mihalik.
1:30 of 2nd period - Ryan Parent is hit by Stéphane Yelle and loses puck.
2:03 of 2nd period - Penalty to B.J. Crombeen is over, B.J. Crombeen is back on ice.
2:07 of 2nd period - Brett Sterling is hit by Ville Leino and loses puck.
2:14 of 2nd period - Slapshot by Brandon Sutter.
2:14 of 2nd period - Shot Misses the Net.
2:16 of 2nd period - Wrist shot by Niko Dimitrakos.
2:16 of 2nd period - Deflect By Brandon Sutter.
2:16 of 2nd period - Goal by Brandon Sutter - Sewer Rats : 2 - Senators : 1.
2:17 of 2nd period - Gilbert Brule wins face-off versus Brandon Sutter in neutral zone.
3:46 of 2nd period - Snap shot by B.J. Crombeen.
3:46 of 2nd period - Goal by B.J. Crombeen - Sewer Rats : 2 - Senators : 2.
3:47 of 2nd period - Gilbert Brule wins face-off versus Kyle Turris in neutral zone.
3:56 of 2nd period - Wrist shot by Dustin Byfuglien.
3:56 of 2nd period - Shot Misses the Net.
3:58 of 2nd period - Wrist shot by John Erskine.
3:58 of 2nd period - Deflect By Max Pacioretty.
3:58 of 2nd period - Shot Misses the Net.
3:58 of 2nd period - Puck is out of play.
3:59 of 2nd period - Gilbert Brule wins face-off versus Kyle Turris in Senators zone.
5:15 of 2nd period - Snap shot by Niklas Hagman.
5:15 of 2nd period - Shot Misses the Net.
5:32 of 2nd period - Minor Penalty to Niko Dimitrakos for Hooking.
5:33 of 2nd period - Stéphane Yelle wins face-off versus Niklas Hagman in Sewer Rats zone.
5:44 of 2nd period - Stéphane Yelle is hit by Gilbert Brule and loses puck.
7:32 of 2nd period - Penalty to Niko Dimitrakos is over, Niko Dimitrakos is back on ice.
8:35 of 2nd period - Off-side.
8:36 of 2nd period - Kyle Turris wins face-off versus Josh Hennessy in neutral zone.
8:39 of 2nd period - Wrist shot by Max Pacioretty.
8:39 of 2nd period - Shot Misses the Net.
8:41 of 2nd period - Snap shot by John Erskine.
8:41 of 2nd period - Shot Misses the Net.
8:57 of 2nd period - Slapshot by Kyle Quincey.
8:57 of 2nd period - Deflect By Stéphane Yelle.
8:57 of 2nd period - Shot Misses the Net.
8:57 of 2nd period - Puck is out of play.
8:58 of 2nd period - Derek Dorsett wins face-off versus Gilbert Brule in Senators zone.
9:01 of 2nd period - Wrist shot by Stéphane Yelle.
9:01 of 2nd period - Deflect By Gilbert Brule.
9:01 of 2nd period - Stopped by Jacob Markstrom with a rebound.
9:09 of 2nd period - Snap shot by Gilbert Brule.
9:09 of 2nd period - Stopped by Semyon Varlamov without a rebound.
9:10 of 2nd period - Brandon Sutter wins face-off versus Gilbert Brule in Sewer Rats zone.
9:10 of 2nd period - Brandon Sutter is hit by Vladimir Mihalik.
9:22 of 2nd period - Minor Penalty to Vladimir Mihalik for Hooking.
9:23 of 2nd period - B.J. Crombeen wins face-off versus Stéphane Yelle in Senators zone.
10:06 of 2nd period - Slapshot by Nikolai Kulemin.
10:06 of 2nd period - Stopped by Semyon Varlamov with a rebound.
11:10 of 2nd period - Dustin Byfuglien is hit by Brett Sterling and loses puck.
11:22 of 2nd period - Penalty to Vladimir Mihalik is over, Vladimir Mihalik is back on ice.
11:40 of 2nd period - Matt Lashoff is hit by Matt Martin.
12:18 of 2nd period - Slapshot by Erik Karlsson.
12:18 of 2nd period - Stopped by Semyon Varlamov with a rebound.
12:20 of 2nd period - Slapshot by Erik Karlsson.
12:20 of 2nd period - Stopped by Semyon Varlamov without a rebound.
12:21 of 2nd period - Brandon Sutter wins face-off versus Brett Sterling in Sewer Rats zone.
12:32 of 2nd period - Wrist shot by Jack Skille.
12:32 of 2nd period - Shot Misses the Net.
12:34 of 2nd period - Snap shot by Jack Skille.
12:34 of 2nd period - Stopped by Semyon Varlamov with a rebound.
12:44 of 2nd period - Stéphane Yelle is hit by Josh Hennessy and loses puck.
12:53 of 2nd period - Wrist shot by Nikolai Kulemin.
12:53 of 2nd period - Stopped by Semyon Varlamov without a rebound.
12:54 of 2nd period - Gilbert Brule wins face-off versus Kyle Turris in Sewer Rats zone.
13:05 of 2nd period - Off-side.
13:06 of 2nd period - Kyle Turris wins face-off versus Gilbert Brule in neutral zone.
13:31 of 2nd period - Ryan Parent is hit by Matt Lashoff and loses puck.
13:38 of 2nd period - Wrist shot by Stéphane Yelle.
13:38 of 2nd period - Stopped by Jacob Markstrom without a rebound.
13:39 of 2nd period - Brandon Sutter wins face-off versus Josh Hennessy in Senators zone.
14:04 of 2nd period - Slapshot by Kyle Quincey.
14:04 of 2nd period - Shot Blocked by Jack Skille.
14:45 of 2nd period - John-Michael Liles is hit by Vladimir Mihalik and loses puck.
14:58 of 2nd period - Snap shot by Gilbert Brule.
14:58 of 2nd period - Stopped by Semyon Varlamov with a rebound.
15:17 of 2nd period - Slapshot by John-Michael Liles.
15:17 of 2nd period - Stopped by Jacob Markstrom with a rebound.
15:19 of 2nd period - Slapshot by Stéphane Yelle.
15:19 of 2nd period - Shot Misses the Net.
15:21 of 2nd period - Snap shot by Stéphane Yelle.
15:21 of 2nd period - Stopped by Jacob Markstrom with a rebound.
15:23 of 2nd period - Snap shot by Stéphane Yelle.
15:23 of 2nd period - Stopped by Jacob Markstrom with a rebound.
15:25 of 2nd period - Wrist shot by Patrick Bordeleau.
15:25 of 2nd period - Stopped by Jacob Markstrom with a rebound.
15:46 of 2nd period - Icing by Erik Karlsson.
15:47 of 2nd period - Mark Olver wins face-off versus Stéphane Yelle in Senators zone.
15:47 of 2nd period - Mark Olver is hit by Ville Leino.
16:04 of 2nd period - Off-side.
16:05 of 2nd period - Niklas Hagman wins face-off versus Kyle Turris in neutral zone.
16:10 of 2nd period - Slapshot by B.J. Crombeen.
16:10 of 2nd period - Shot Blocked by John-Michael Liles.
16:16 of 2nd period - Slapshot by John-Michael Liles.
16:16 of 2nd period - Shot Misses the Net.
16:18 of 2nd period - Wrist shot by John-Michael Liles.
16:18 of 2nd period - Stopped by Jacob Markstrom with a rebound.
16:20 of 2nd period - Wrist shot by Dustin Byfuglien.
16:20 of 2nd period - Shot Blocked by Niklas Hagman.
16:30 of 2nd period - Matt Lashoff is hit by Ryan Parent and loses puck.
16:50 of 2nd period - Minor Penalty to Brett Sterling for Cross-checking.
16:50 of 2nd period - Minor Penalty to Matt Lashoff for Hooking.
16:51 of 2nd period - B.J. Crombeen wins face-off versus Brandon Sutter in Sewer Rats zone.
17:14 of 2nd period - John-Michael Liles is hit by Ryan Parent and loses puck.
17:21 of 2nd period - Snap shot by Brandon Sutter.
17:21 of 2nd period - Stopped by Jacob Markstrom with a rebound.
17:23 of 2nd period - Slapshot by Brandon Sutter.
17:23 of 2nd period - Shot Misses the Net.
17:25 of 2nd period - Snap shot by Stéphane Yelle.
17:25 of 2nd period - Shot Misses the Net.
17:33 of 2nd period - Wrist shot by Stéphane Yelle.
17:33 of 2nd period - Shot Blocked by B.J. Crombeen.
17:37 of 2nd period - Snap shot by Stéphane Yelle.
17:37 of 2nd period - Stopped by Jacob Markstrom with a rebound.
17:39 of 2nd period - Slapshot by Zach Bogosian.
17:39 of 2nd period - Stopped by Jacob Markstrom with a rebound.
18:26 of 2nd period - Slapshot by Stéphane Yelle.
18:26 of 2nd period - Stopped by Jacob Markstrom without a rebound.
18:27 of 2nd period - Niklas Hagman wins face-off versus Dustin Byfuglien in Senators zone.
18:36 of 2nd period - Backhand shot by Niklas Hagman.
18:36 of 2nd period - Deflect By Nikolai Kulemin.
18:36 of 2nd period - Stopped by Semyon Varlamov with a rebound.
18:44 of 2nd period - Nikolai Kulemin is hit by Niko Dimitrakos and loses puck.
18:50 of 2nd period - Penalty to Brett Sterling is over, Brett Sterling is back on ice.
18:50 of 2nd period - Penalty to Matt Lashoff is over, Matt Lashoff is back on ice.
18:57 of 2nd period - Dustin Byfuglien is hit by Logan Stephenson and loses puck.
19:06 of 2nd period - Slapshot by Brett Sterling.
19:06 of 2nd period - Shot Blocked by Matt Lashoff.
19:16 of 2nd period - Snap shot by Dustin Byfuglien.
19:16 of 2nd period - Shot Misses the Net.
19:18 of 2nd period - Wrist shot by Ville Leino.
19:18 of 2nd period - Shot Hit the Post.
19:20 of 2nd period - Snap shot by John Erskine.
19:20 of 2nd period - Shot Misses the Net.
19:22 of 2nd period - Slapshot by Kyle Quincey.
19:22 of 2nd period - Deflect By Ville Leino.
19:22 of 2nd period - Shot Misses the Net.
19:22 of 2nd period - Puck is out of play.
19:23 of 2nd period - Josh Hennessy wins face-off versus Kyle Turris in Senators zone.
19:34 of 2nd period - Snap shot by Stanislav Chistov.
19:34 of 2nd period - Stopped by Semyon Varlamov without a rebound.
19:35 of 2nd period - Kyle Turris wins face-off versus Josh Hennessy in Sewer Rats zone.
3rd period
0:01 of 3rd period - Brandon Sutter wins face-off versus Gilbert Brule in neutral zone.
0:40 of 3rd period - Matt Lashoff is hit by Nikolai Kulemin and loses puck.
0:53 of 3rd period - Snap shot by Brett Sterling.
0:53 of 3rd period - Shot Misses the Net.
1:01 of 3rd period - Wrist shot by Ville Leino.
1:01 of 3rd period - Deflect By Mark Mancari.
1:01 of 3rd period - Stopped by Jacob Markstrom without a rebound.
1:02 of 3rd period - Gilbert Brule wins face-off versus Brandon Sutter in Senators zone.
1:55 of 3rd period - Wrist shot by Brett Sterling.
1:55 of 3rd period - Shot Misses the Net.
1:56 of 3rd period - Minor Penalty to Brett Sterling for Hooking.
1:56 of 3rd period - Minor Penalty to Mark Mancari for Hooking.
1:57 of 3rd period - B.J. Crombeen wins face-off versus Brandon Sutter in Sewer Rats zone.
2:02 of 3rd period - Snap shot by B.J. Crombeen.
2:02 of 3rd period - Stopped by Semyon Varlamov with a rebound.
2:04 of 3rd period - Slapshot by Vladimir Mihalik.
2:04 of 3rd period - Deflect By Gilbert Brule.
2:04 of 3rd period - Goal by Gilbert Brule - Sewer Rats : 2 - Senators : 3.
2:05 of 3rd period - Brandon Sutter wins face-off versus B.J. Crombeen in neutral zone.
2:45 of 3rd period - Wrist shot by Niklas Hagman.
2:45 of 3rd period - Shot Misses the Net.
2:47 of 3rd period - Slapshot by Milan Jurcina.
2:47 of 3rd period - Shot Blocked by Dustin Byfuglien.
2:51 of 3rd period - Snap shot by Niklas Hagman.
2:51 of 3rd period - Deflect By Nikolai Kulemin.
2:51 of 3rd period - Stopped by Semyon Varlamov with a rebound.
3:13 of 3rd period - Slapshot by Kyle Quincey.
3:13 of 3rd period - Deflect By Ville Leino.
3:13 of 3rd period - Stopped by Jacob Markstrom with a rebound.
3:19 of 3rd period - Slapshot by Steven Goertzen.
3:19 of 3rd period - Stopped by Semyon Varlamov without a rebound.
3:20 of 3rd period - Brandon Sutter wins face-off versus B.J. Crombeen in Sewer Rats zone.
3:25 of 3rd period - Kyle Quincey is hit by Vladimir Mihalik and loses puck.
3:56 of 3rd period - Penalty to Brett Sterling is over, Brett Sterling is back on ice.
3:56 of 3rd period - Penalty to Mark Mancari is over, Mark Mancari is back on ice.
4:16 of 3rd period - Ryan Parent is hit by Mark Mancari and loses puck.
4:38 of 3rd period - Off-side.
4:39 of 3rd period - Stéphane Yelle wins face-off versus Mark Olver in neutral zone.
4:44 of 3rd period - Snap shot by Stéphane Yelle.
4:44 of 3rd period - Shot Misses the Net.
4:55 of 3rd period - Off-side.
4:56 of 3rd period - Stéphane Yelle wins face-off versus Cody Hodgson in neutral zone.
5:05 of 3rd period - Snap shot by Jack Skille.
5:05 of 3rd period - Stopped by Semyon Varlamov without a rebound.
5:06 of 3rd period - Cody Hodgson wins face-off versus Stéphane Yelle in Sewer Rats zone.
5:13 of 3rd period - Snap shot by Brett Sterling.
5:13 of 3rd period - Shot Hit the Post.
5:15 of 3rd period - Slapshot by Jack Skille.
5:15 of 3rd period - Shot Misses the Net.
5:17 of 3rd period - Slapshot by Logan Stephenson.
5:17 of 3rd period - Deflect By Mark Mancari.
5:17 of 3rd period - Stopped by Semyon Varlamov with a rebound.
5:19 of 3rd period - Wrist shot by Jack Skille.
5:19 of 3rd period - Stopped by Semyon Varlamov without a rebound.
5:20 of 3rd period - Kyle Turris wins face-off versus Gilbert Brule in Sewer Rats zone.
5:33 of 3rd period - Wrist shot by Dustin Byfuglien.
5:33 of 3rd period - Shot Misses the Net.
5:47 of 3rd period - Matt Lashoff is hit by Vladimir Mihalik and loses puck.
5:54 of 3rd period - Slapshot by Nikolai Kulemin.
5:54 of 3rd period - Deflect By Josh Hennessy.
5:54 of 3rd period - Shot Blocked by Niko Dimitrakos.
5:54 of 3rd period - Puck is out of play.
5:55 of 3rd period - Josh Hennessy wins face-off versus Brandon Sutter in Sewer Rats zone.
6:08 of 3rd period - Wrist shot by Stanislav Chistov.
6:08 of 3rd period - Stopped by Semyon Varlamov without a rebound.
6:09 of 3rd period - Gilbert Brule wins face-off versus Dustin Byfuglien in Sewer Rats zone.
6:14 of 3rd period - Snap shot by Gilbert Brule.
6:14 of 3rd period - Deflect By B.J. Crombeen.
6:14 of 3rd period - Stopped by Semyon Varlamov without a rebound.
6:15 of 3rd period - Kyle Turris wins face-off versus Gilbert Brule in Sewer Rats zone.
6:20 of 3rd period - Snap shot by Max Pacioretty.
6:20 of 3rd period - Shot Misses the Net.
7:14 of 3rd period - Slapshot by Logan Stephenson.
7:14 of 3rd period - Stopped by Semyon Varlamov with a rebound.
7:24 of 3rd period - Josh Hennessy is hit by Kyle Okposo and loses puck.
7:43 of 3rd period - Stanislav Chistov is hit by Kyle Okposo and loses puck.
8:15 of 3rd period - Milan Jurcina is hit by Kyle Quincey.
8:19 of 3rd period - Wrist shot by Cody Hodgson.
8:19 of 3rd period - Deflect By Brett Sterling.
8:19 of 3rd period - Deflect By Derek Dorsett.
8:19 of 3rd period - Stopped by Semyon Varlamov with a rebound.
8:21 of 3rd period - Snap shot by Cody Hodgson.
8:21 of 3rd period - Shot Misses the Net.
8:26 of 3rd period - Minor Penalty to Kyle Quincey for Hooking.
8:27 of 3rd period - Niklas Hagman wins face-off versus Stéphane Yelle in Sewer Rats zone.
8:30 of 3rd period - Snap shot by Niklas Hagman.
8:30 of 3rd period - Shot Blocked by Jonathan Paiement.
8:32 of 3rd period - Slapshot by Ryan Parent.
8:32 of 3rd period - Stopped by Semyon Varlamov with a rebound.
8:34 of 3rd period - Snap shot by Gilbert Brule.
8:34 of 3rd period - Stopped by Semyon Varlamov without a rebound.
8:35 of 3rd period - Stéphane Yelle wins face-off versus Gilbert Brule in Sewer Rats zone.
8:50 of 3rd period - Wrist shot by B.J. Crombeen.
8:50 of 3rd period - Shot Misses the Net.
9:37 of 3rd period - Backhand shot by Dustin Byfuglien.
9:37 of 3rd period - Goal by Dustin Byfuglien - Sewer Rats : 3 - Senators : 3.
9:38 of 3rd period - Gilbert Brule wins face-off versus Stéphane Yelle in neutral zone.
10:26 of 3rd period - Penalty to Kyle Quincey is over, Kyle Quincey is back on ice.
10:56 of 3rd period - Slapshot by Steven Goertzen.
10:56 of 3rd period - Shot Misses the Net.
10:59 of 3rd period - Icing by Kyle Okposo.
11:00 of 3rd period - Brandon Sutter wins face-off versus Gilbert Brule in Sewer Rats zone.
11:21 of 3rd period - Josh Hennessy is hit by Max Pacioretty and loses puck.
11:34 of 3rd period - Slapshot by Dustin Byfuglien.
11:34 of 3rd period - Shot Blocked by Vladimir Mihalik.
11:36 of 3rd period - Snap shot by Stéphane Yelle.
11:36 of 3rd period - Shot Misses the Net.
11:38 of 3rd period - Wrist shot by Mark Mancari.
11:38 of 3rd period - Stopped by Jacob Markstrom with a rebound.
11:40 of 3rd period - Wrist shot by Stéphane Yelle.
11:40 of 3rd period - Stopped by Jacob Markstrom without a rebound.
11:41 of 3rd period - Niklas Hagman wins face-off versus Stéphane Yelle in Senators zone.
11:52 of 3rd period - Snap shot by Mark Mancari.
11:52 of 3rd period - Shot Misses the Net.
11:54 of 3rd period - Snap shot by Ville Leino.
11:54 of 3rd period - Stopped by Jacob Markstrom with a rebound.
12:07 of 3rd period - Wrist shot by Stéphane Yelle.
12:07 of 3rd period - Shot Misses the Net.
12:09 of 3rd period - Wrist shot by John Erskine.
12:09 of 3rd period - Stopped by Jacob Markstrom without a rebound.
12:10 of 3rd period - Josh Hennessy wins face-off versus Brandon Sutter in Senators zone.
12:21 of 3rd period - Wrist shot by Nikolai Kulemin.
12:21 of 3rd period - Shot Misses the Net.
12:35 of 3rd period - Max Pacioretty is hit by Brett Sterling and loses puck.
12:40 of 3rd period - Wrist shot by Jack Skille.
12:40 of 3rd period - Shot Misses the Net.
12:48 of 3rd period - Jack Skille is hit by Kyle Turris and loses puck.
13:17 of 3rd period - Wrist shot by Steven Goertzen.
13:17 of 3rd period - Shot Misses the Net.
13:18 of 3rd period - Minor Penalty to Niko Dimitrakos for Holding.
13:19 of 3rd period - Gilbert Brule wins face-off versus Stéphane Yelle in Sewer Rats zone.
13:20 of 3rd period - Snap shot by B.J. Crombeen.
13:20 of 3rd period - Shot Misses the Net.
13:22 of 3rd period - Snap shot by Niklas Hagman.
13:22 of 3rd period - Shot Misses the Net.
13:24 of 3rd period - Slapshot by Vladimir Mihalik.
13:24 of 3rd period - Shot Misses the Net.
13:54 of 3rd period - John Erskine is hit by Josh Hennessy and loses puck.
15:18 of 3rd period - Penalty to Niko Dimitrakos is over, Niko Dimitrakos is back on ice.
15:23 of 3rd period - Niko Dimitrakos is hit by Jack Skille and loses puck.
15:46 of 3rd period - Slapshot by John-Michael Liles.
15:46 of 3rd period - Shot Blocked by Shane Sims.
17:42 of 3rd period - Icing by Shane Sims.
17:43 of 3rd period - Gilbert Brule wins face-off versus Stéphane Yelle in Senators zone.
17:58 of 3rd period - Snap shot by Derek Dorsett.
17:58 of 3rd period - Stopped by Jacob Markstrom with a rebound.
19:55 of 3rd period - Vladimir Mihalik is hit by Dustin Byfuglien and loses puck.
Overtime #1
0:01 of 1st overtime period - B.J. Crombeen wins face-off versus Brandon Sutter in neutral zone.
0:04 of 1st overtime period - Snap shot by Ryan Parent.
0:04 of 1st overtime period - Stopped by Semyon Varlamov without a rebound.
0:05 of 1st overtime period - B.J. Crombeen wins face-off versus Brandon Sutter in Sewer Rats zone.
0:52 of 1st overtime period - Snap shot by Niklas Hagman.
0:52 of 1st overtime period - Shot Misses the Net.
1:18 of 1st overtime period - Slapshot by Jack Skille.
1:18 of 1st overtime period - Stopped by Semyon Varlamov with a rebound.
1:20 of 1st overtime period - Wrist shot by Jack Skille.
1:20 of 1st overtime period - Shot Misses the Net.
1:22 of 1st overtime period - Slapshot by Milan Jurcina.
1:22 of 1st overtime period - Shot Misses the Net.
1:24 of 1st overtime period - Wrist shot by Steven Goertzen.
1:24 of 1st overtime period - Stopped by Semyon Varlamov with a rebound.
1:26 of 1st overtime period - Slapshot by Milan Jurcina.
1:26 of 1st overtime period - Deflect By Jack Skille.
1:26 of 1st overtime period - Stopped by Semyon Varlamov without a rebound.
1:27 of 1st overtime period - B.J. Crombeen wins face-off versus Brandon Sutter in Sewer Rats zone.
1:48 of 1st overtime period - Nikolai Kulemin is hit by Kyle Quincey and loses puck.
3:19 of 1st overtime period - Vladimir Mihalik is hit by Mark Mancari and loses puck.
3:46 of 1st overtime period - Steven Goertzen is hit by John Erskine and loses puck.
3:55 of 1st overtime period - Snap shot by Kyle Okposo.
3:55 of 1st overtime period - Stopped by Jacob Markstrom without a rebound.
3:56 of 1st overtime period - B.J. Crombeen wins face-off versus Brandon Sutter in Senators zone.
4:41 of 1st overtime period - Icing by Brandon Sutter.
4:42 of 1st overtime period - Brandon Sutter wins face-off versus Jack Skille in Sewer Rats zone.
4:59 of 1st overtime period - Dustin Byfuglien is hit by Logan Stephenson and loses puck.
ShootOut
5:00 of 1st overtime period - Penalty Shot by Brandon Sutter for Sewer Rats.
5:00 of 1st overtime period - Wrist shot by Brandon Sutter.
5:00 of 1st overtime period - Stopped by Jacob Markstrom.
5:00 of 1st overtime period - Penalty Shot by B.J. Crombeen for Senators.
5:00 of 1st overtime period - Wrist shot by B.J. Crombeen.
5:00 of 1st overtime period - Stopped by Semyon Varlamov.
5:00 of 1st overtime period - Penalty Shot by Stéphane Yelle for Sewer Rats.
5:00 of 1st overtime period - Wrist shot by Stéphane Yelle.
5:00 of 1st overtime period - Stopped by Jacob Markstrom.
5:00 of 1st overtime period - Penalty Shot by Gilbert Brule for Senators.
5:00 of 1st overtime period - Wrist shot by Gilbert Brule.
5:00 of 1st overtime period - Stopped by Semyon Varlamov.
5:00 of 1st overtime period - Penalty Shot by Dustin Byfuglien for Sewer Rats.
5:00 of 1st overtime period - Backhand shot by Dustin Byfuglien.
5:00 of 1st overtime period - Stopped by Jacob Markstrom.
5:00 of 1st overtime period - Penalty Shot by Niklas Hagman for Senators.
5:00 of 1st overtime period - Snap shot by Niklas Hagman.
5:00 of 1st overtime period - Stopped by Semyon Varlamov.
5:00 of 1st overtime period - Penalty Shot by Niko Dimitrakos for Sewer Rats.
5:00 of 1st overtime period - Deke by Niko Dimitrakos.
5:00 of 1st overtime period - Goal by Niko Dimitrakos.
5:00 of 1st overtime period - Penalty Shot by Nikolai Kulemin for Senators.
5:00 of 1st overtime period - Backhand shot by Nikolai Kulemin.
5:00 of 1st overtime period - Shot Misses the Net.
Output by the SimonT Hockey Simulator (STHS) for François Prévost -- Original Page W3C XHTML 1.0 Valid